 Dungeon Crawl Stone Soup version 0.25-a0-110-ge29c8f2358 (webtiles) character file.

Game seed: 8224532233247591868, levelgen mode: deterministic

19 Esekla the Skirmisher (level 2, -1/23 HPs)
             Began as a Demonspawn Wanderer on Nov 20, 2019.
             Slain by a leopard gecko (2 damage)
             ... on level 1 of the Dungeon.
             The game lasted 00:08:45 (1917 turns).

Esekla the Skirmisher (Demonspawn Wanderer)         Turns: 1917, Time: 00:08:45

Health: -1/23      AC:  3    Str: 11    XL:     2   Next: 55%
Magic:  3/3        EV: 12    Int: 15    God:
Gold:   54         SH:  0    Dex: 11    Spells: 0/3 levels left

rFire    . . .     SeeInvis .   m - -1 short sword (curse)
rCold    + . .     Gourm    .   (no shield)
rNeg     . . .     Faith    .   c - +1 robe
rPois    +         Spirit   .   (no helmet)
rElec    +         Reflect  .   (no cloak)
rCorr    .         Harm     .   (no gloves)
MR       .....     Clarity  +   (no boots)
Stlth    +.........             (no amulet)
HPRegen  0.07/turn              (no ring)
MPRegen  0.08/turn              (no ring)

@: no status effects
A: clarity, cold resistance 1, low mp 1, poison resistance, electricity
resistance
a: no special abilities


You were on level 1 of the Dungeon.
You were very hungry.

You visited 1 branch of the dungeon, and saw 3 of its levels.

You collected 54 gold pieces.

Inventory:

Hand Weapons
 h - a +0 dagger
 m - a cursed -1 short sword (weapon)
Missiles
 k - 6 poisoned darts (quivered)
Armour
 c - a +1 robe (worn)
Jewellery
 d - an uncursed ring of fire
Potions
 a - a potion of agility {unknown}
 b - 2 potions of lignification
 e - a potion of flight
Comestibles
 f - 2 rations


   Skills:
 + Level 2.4 Fighting
 + Level 1.8 Short Blades
 + Level 1.3 Dodging
 - Level 1.0 Stealth
 + Level 1.0 Spellcasting
 + Level 2.1 Charms
 * Level 0.3 Translocations
   Level 1.0 Evocations


You couldn't memorise any spells.
You knew the following spells:

 Your Spells              Type           Power        Failure   Level  Hunger
a - Infusion              Chrm           #...         10%         1    ##.....
b - Shroud of Golubria    Chrm/Tloc      #.....       22%         2    ###....

Your spell library contained the following spells:

 Spells                   Type           Power        Failure   Level  Hunger
 Song of Slaying          Chrm           #.......     16%         2    ###....
 Regeneration             Chrm/Necr      #.........   43%         3    ####...
 Spectral Weapon          Hex/Chrm       #.......     43%         3    ####...


Dungeon Overview and Level Annotations

Branches:
Dungeon (3/15)

Altars:
Elyvilon
Nemelex Xobeh


Innate Abilities, Weirdness & Mutations

Your flesh is cold resistant. (rC+)
You possess an exceptional clarity of mind.
Your magical capacity is low. (-10% MP)
Your system is resistant to poisons. (rPois)
You are resistant to electric shocks. (rElec)


Message History

The leopard gecko bites you.
* * * LOW HITPOINT WARNING * * *
The leopard gecko completely misses you.
You hit the leopard gecko but do no damage.
The leopard gecko bites you but does no damage.
You hit the leopard gecko.
The leopard gecko is moderately wounded.
The leopard gecko bites you.
* * * LOW HITPOINT WARNING * * *
You barely miss the leopard gecko.
The leopard gecko is moderately wounded.
The leopard gecko bites you but does no damage.
You barely miss the leopard gecko.
The leopard gecko is moderately wounded.
The leopard gecko bites you.
* * * LOW HITPOINT WARNING * * *
You hit the leopard gecko but do no damage.
The leopard gecko is moderately wounded.
The leopard gecko bites you.
You die...

# ###############.#. #
#.............#.#. #
##'###########.#.#. # #.....#
#.#.#. # #####.....# #.#.#. #
#.........########.#...
###########.....h.........##.###.
##...#.........#l#........##.#...
##.#.#.#######.#@#........##....[
...#.#.#.....#.#.#........######.
##.#.#.#[..#.#.#.#...............
#.#.#.#.#.#.#.#.#....##.#######.
##.#.#.#.......#.#######.#.......
...#.#.#...#.#.#.# #.#.###...
##.#.#.#.###.#.#.# #.#.# #...
.....#.#.....#.#.# #.#.# #.#.
######.#.#####.#+#######.#.###.#.


You could see a leopard gecko and a jackal.

Vanquished Creatures
  An orc (D:3)
  A ball python (D:1)
  A giant cockroach (D:1)
  5 hobgoblins (D:1)
  A jackal (D:2)
  3 bats (D:1)
  2 goblins
  A kobold (D:1)
  2 rats (D:1)
17 creatures vanquished.

Notes
Turn   | Place    | Note
-------+----------+-------------------------------------------
     0 | D:1      | Esekla the Demonspawn Wanderer began the quest for the Orb.
     0 | D:1      | Esekla set off with the following items: a +0 club, 2
                  | potions of lignification, a +0 robe, a ration; and the
                  | following spell memorised: Infusion; and the following
                  | spells available to memorise: Song of Slaying, Shroud of
                  | Golubria, Regeneration, Spectral Weapon
     0 | D:1      | Reached XP level 1. HP: 16/16 MP: 2/2
   208 | D:1      | Found a sparkling altar of Nemelex Xobeh.
   480 | D:1      | You fall into a shaft and drop 1 floor!
   532 | D:3      | Found a white marble altar of Elyvilon.
   816 | D:1      | Gained mutation: Your flesh is cold resistant. (rC+)
                  | [demonic ancestry]
   816 | D:1      | Reached XP level 2. HP: 22/22 MP: 3/3
  1533 | D:1      | Learned a level 2 spell: Shroud of Golubria
  1824 | D:1      | Gained mutation: Your system is resistant to poisons.
                  | (rPois) [potion of mutation]
  1824 | D:1      | Gained mutation: Your magical capacity is low. (-10% MP)
                  | [potion of mutation]
  1824 | D:1      | Gained mutation: You possess an exceptional clarity of
                  | mind. [potion of mutation]
  1824 | D:1      | Gained mutation: You are resistant to electric shocks.
                  | (rElec) [potion of mutation]
  1914 | D:1      | HP: 1/23 [leopard gecko (3)]
  1917 | D:1      | Slain by a leopard gecko

Levels and vault maps discovered:
D:1:      dpeg_arrival_rooms_b, layout_basic, st_stairs_8,
          nemelex_xobeh_ov_fountains_minmay
D:2:      layout_basic, first_ration, uniq_robin
D:3:      layout_loops_ring, lemuel_crystal_altar, kennysheep_vampire_church,
          lemuel_coloured_pillars_altar, st_stairs_12, uniq_sigmund

Skill      XL: |  1 |
---------------+----+-----
Charms         | 2 |  2.1
Fighting       | |  2.4
Short Blades   | |  1.8
Dodging        | |  1.3
Stealth        | |  1.0
Spellcasting   | |  1.0
Translocations | |  0.3
Evocations     | |  1.0

Action                   || total
-------------------------++-------
Melee: Club              ||    16
       Dagger            ||    39
       Short sword       ||    34
 Cast: Infusion          ||     2
  Use: Scroll            ||     6
       Potion            ||     1
 Stab: Sleeping          ||     1
  Eat: Chunk             ||     2
Armor: Robe              ||    29
Dodge: Dodged            ||    85

Table legend:
 A = Non-vault XP
 B = Vault XP
 C = Vault XP percentage of total XP
 D = Non-vault monster count
 E = Vault monster count
 F = Vault count percentage of total count
                 A         B        C        D         E       F
            +---------+---------+-------+---------+---------+-------
      Total |      25 |       3 |  10.7 |      15 |       2 |  11.8
            +---------+---------+-------+---------+---------+-------
        D:1 |      20 |       1 |   4.8 |      13 |       1 |   7.1
        D:2 |       2 |       2 |  50.0 |       1 |       1 |  50.0
        D:3 |       3 |       0 |   0.0 |       1 |       0 |   0.0
            +---------+---------+-------+---------+---------+-------
